 Dungeon Crawl Stone Soup version 0.21-a0-630-g344d351 (webtiles) character file.

7890 Gaball the Spear-Bearer (level 11, -2/84 HPs)
             Began as a Formicid Abyssal Knight on Dec 25, 2017.
             Was a Believer of Lugonu.
             Slain by a bullfrog (6 damage)
             ... on level 11 of the Dungeon.
             The game lasted 00:31:37 (10173 turns).

Gaball the Spear-Bearer (Formicid Abyssal Knight)  Turns: 10173, Time: 00:31:38

Health: -2/84      AC:  9    Str: 19    XL:     11   Next: 45%
Magic:  9/16       EV:  7    Int: 17    God:    Lugonu [**....]
Gold:   599        SH:  0    Dex: 10    Spells: 10/10 levels left

rFire    + . .     SeeInvis +   z - +4 halberd (vamp)
rCold    + . .     Gourm    .   (no shield)
rNeg     . . .     Faith    .   J - +1 chain mail {rC+}
rPois    .         Spirit   .   (helmet unavailable)
rElec    .         Reflect  .   (no cloak)
rCorr    .         Harm     .   (no gloves)
MR       +....                  (no boots)
Stlth    ..........             (no amulet)
HPRegen  0.24/turn              k - +4 ring of intelligence (curse)
MPRegen  0.15/turn              O - ring of protection from fire

@: drained
A: permanent stasis, dig shafts and tunnels, four strong arms, antennae 3
a: Dig, Shaft Self, Depart the Abyss, Bend Space, Renounce Religion


You were on level 11 of the Dungeon.
You worshipped Lugonu.
Lugonu was pleased with you.
You were not hungry.

You visited 1 branch of the dungeon, and saw 13 of its levels.
You visited the Abyss 2 times.

You collected 599 gold pieces.

Inventory:

Hand Weapons
 a - a +1 spear
 u - a +0 trident
 z - a +4 vampiric halberd (weapon)
Missiles
 A - 4 poisoned tomahawks (quivered)
Armour
 b - a +0 leather armour
 n - a +0 ring mail
 w - a +0 chain mail of poison resistance
 x - a +0 leather armour of cold resistance
 y - a +0 chain mail
 J - a +1 chain mail of cold resistance (worn)
Jewellery
 e - a cursed amulet of inaccuracy {unknown}
 k - a cursed +4 ring of intelligence (left hand)
 v - a cursed -3 ring of dexterity {unknown}
 O - a ring of protection from fire (right hand)
Wands
 C - a wand of paralysis (11)
 M - a wand of flame (38)
 Q - a wand of polymorph (7)
Scrolls
 f - 3 scrolls of remove curse
 g - a scroll of amnesia {unknown}
 p - 3 scrolls of enchant weapon
 r - 4 scrolls of teleportation
 E - a scroll of summoning {unknown}
 H - a scroll of enchant armour
 K - a scroll of silence {unknown}
 N - a scroll of fog {unknown}
Potions
 d - 2 potions of might {unknown}
 i - 2 potions of lignification {unknown}
 j - a potion of ambrosia {unknown}
 m - 3 potions of cancellation
 o - 2 potions of brilliance {unknown}
 q - 2 potions of berserk rage
 t - a potion of resistance {unknown}
 B - a potion of haste {unknown}
 F - a potion of degeneration {unknown}
 P - a potion of flight {unknown}
Books
 D - the Catalogue of Flying Dark Secrets
   (You found it on level 6 of the Dungeon)

   Spells                             Type                      Level
   a - Shock                          Conjuration/Air              1
   b - Animate Skeleton               Necromancy                   1
   c - Pain                           Necromancy                   1
   d - Summon Lightning Spire         Summoning/Air                4
   e - Conjure Ball Lightning         Conjuration/Air              6
 G - a book of Callings

   Spells                             Type                      Level
   a - Summon Small Mammal            Summoning                    1
   b - Call Imp                       Summoning                    2
   c - Call Canine Familiar           Summoning                    3
   d - Summon Guardian Golem          Hexes/Summoning              3
   e - Summon Lightning Spire         Summoning/Air                4
   f - Summon Ice Beast               Ice/Summoning                4
 L - Kikubaaqudgha's Compendium of Dark Rituals
   (You found it on level 8 of the Dungeon)

   Spells                             Type                      Level
   a - Animate Skeleton               Necromancy                   1
Comestibles
 c - 9 rations


   Skills:
 + Level 7.5(7.3) Fighting
 + Level 14.1(13.9) Polearms
 - Level 2.1(2.0) Armour
 - Level 0.8(0.7) Dodging
 - Level 7.9(7.7) Invocations


You had 10 spell levels left.
You didn't know any spells.

Dungeon Overview and Level Annotations

Branches:
Dungeon (13/15)            Temple (0/1) D:4            Lair (0/6) D:9
    Orc: D:9-12      Vaults: D:13-14

Altars:
Dithmenos
Fedhas
Kikubaaqudgha
Okawaru
Ru
Sif Muna
Uskayaw
Vehumet
Xom
Zin

Annotations:
D:9 imbaray's ghost, novice VSMo


Innate Abilities, Weirdness & Mutations

You cannot be hasted, slowed, berserked, paralysed or teleported.
You can dig through walls and to a lower floor.
Your four strong arms can wield two-handed weapons with a shield.
You have a pair of large antennae on your head. (SInv)


Message History

The bullfrog hits you but does no damage. x2
The yak closely misses you.
You barely miss the yak.
The hound barks!
You hear a loud, deep croak!
The bullfrog hits you but does no damage.
You slice the yak!!
You feel better.
The yak is heavily wounded.
The bullfrog barely misses you. The yak gores you!
* * * LOW HITPOINT WARNING * * *
You barely miss the yak.
The yak is heavily wounded.
The bullfrog barely misses you. The yak gores you.
* * * LOW HITPOINT WARNING * * *
The bullfrog barely misses you.
You slash the yak!
The yak is severely wounded.
The yak gores you!
* * * LOW HITPOINT WARNING * * *
The bullfrog hits you.
You die...

*,,,*
***,,**********,#.#**
,,,***#.,,,* *,#z#
,,***#..##+### *,#.#
****#..#.....# *,#{#
*##..##.....# *,#{#
##...#*#.....#*******,#)#
#{{#** #.....+{{{{,,,,#)#
hh######.....##########.#


FKyayKu......hhF@YK{zz{z# ########...############## #...# #...# #..!# ##### You
could see a yak, a black bear, a bullfrog, a hound and a kobold.

Vanquished Creatures
  A two-headed ogre (D:9)
  Pikel (D:8)
  Psyche (D:8)
  A centaur skeleton (D:13)
  Grinder (D:6)
  A hippogriff (D:8)
  A warg (D:9)
  A vampire (D:12)
  Grum (D:8)
  A hungry ghost (D:9)
  A soldier ant (D:13)
  An eye of draining (D:9)
  2 orc warriors
  9 ogres
  A black bear (D:8)
  2 ice beasts
  A slave (D:7)
  2 centaurs
  A phantom (D:8)
  2 wolves
  Blork the orc (D:4)
  5 big kobolds
  4 bullfrogs
  A small abomination (Abyss:1)
  2 scorpions
  7 killer bees
  4 wights
  A howler monkey (D:11)
  8 jellies
  2 crimson imps
  2 bullfrog zombies
  A quasit (D:6)
  A gnoll shaman (D:9)
  3 orc priests
  5 hounds
  2 bullfrog skeletons (D:6)
  Jessica (D:3)
  4 iguanas
  6 orc wizards
  7 worker ants
  A hound skeleton (D:9)
  A howler monkey zombie (D:6)
  A worker ant zombie (D:5)
  8 adders
  5 gnolls
  4 shadow imps
  An ooze (D:6)
  An adder skeleton (D:3)
  A worm (D:2)
  3 dart slugs
  7 leopard geckos
  25 orcs
  6 bats
  3 giant cockroaches
  12 goblins
  12 hobgoblins
  18 jackals
  17 kobolds
  2 quokkas
  2 ball pythons
  5 frilled lizards
  A quokka skeleton (D:4)
  8 rats
243 creatures vanquished.

Vanquished Creatures (collateral kills)
  A warg (D:9)
  An orc warrior (D:9)
  An orc priest (D:8)
  An adder (D:4)
  A leopard gecko skeleton (D:4)
5 creatures vanquished.

Vanquished Creatures (others)
  An ugly thing (D:11)
  A centaur skeleton (D:11)
  2 yaks (D:11)
  An orc (D:8)
  A quokka (D:8)
  8 fungi
  8 toadstools (D:6)
22 creatures vanquished.

Grand Total: 270 creatures vanquished

Notes
Turn   | Place    | Note
-------+----------+-------------------------------------------
     0 | Abyss:1  | Gaball the Formicid Abyssal Knight began the quest for the Orb.
     0 | Abyss:1  | Reached XP level 1. HP: 18/18 MP: 2/2
    50 | Abyss:1  | Found an ornate altar of the Wu Jian Council.
    64 | Abyss:1  | Noticed an iron imp
    65 | Abyss:1  | Noticed a wretched star
    67 | Abyss:1  | Noticed a starcursed mass
    67 | D:1      | Escaped the Abyss
   145 | D:1      | Reached XP level 2. HP: 12/24 MP: 3/3
   159 | D:1      | Reached * piety under Lugonu
   412 | D:1      | Reached skill level 3 in Polearms
   482 | D:1      | Reached XP level 3. HP: 22/29 MP: 4/4
   868 | D:1      | Reached skill level 4 in Polearms
   868 | D:1      | Reached XP level 4. HP: 28/35 MP: 5/5
  1648 | D:2      | Found an iron altar of Okawaru.
  2075 | D:3      | Reached ** piety under Lugonu
  2121 | D:3      | Reached XP level 5. HP: 33/41 MP: 6/6
  2247 | D:3      | Reached skill level 5 in Polearms
  2722 | D:3      | Noticed Jessica
  2743 | D:3      | Killed Jessica
  3055 | D:3      | Found an iron altar of Okawaru.
  3226 | D:4      | Reached XP level 6. HP: 47/47 MP: 7/7
  3265 | D:4      | Noticed Blork the orc
  3266 | D:4      | Noticed an ogre
  3737 | D:3      | Reached skill level 6 in Polearms
  3811 | D:4      | Killed Blork the orc
  3842 | D:4      | Killed an ogre
  3908 | D:4      | Found a staircase to the Ecumenical Temple.
  3963 | D:4      | Reached XP level 7. HP: 52/52 MP: 8/8
  4180 | D:4      | Reached skill level 7 in Polearms
  4237 | D:5      | Entered Level 5 of the Dungeon
  4430 | D:5      | Reached *** piety under Lugonu
  4706 | D:5      | Reached skill level 8 in Polearms
  5185 | D:6      | Reached XP level 8. HP: 52/58 MP: 9/9
  5207 | D:6      | Identified the Catalogue of Flying Dark Secrets
  5329 | D:6      | Reached skill level 9 in Polearms
  5333 | D:6      | Found a shadowy altar of Dithmenos.
  5402 | D:6      | Noticed Grinder
  5418 | D:6      | Killed Grinder
  5418 | D:6      | Reached skill level 10 in Polearms
  5699 | D:6      | Reached XP level 9. HP: 51/64 MP: 10/10
  5722 | D:6      | Reached skill level 11 in Polearms
  5873 | D:6      | Noticed a slime creature
  5873 | D:6      | Noticed a slime creature
  5899 | D:6      | Reached **** piety under Lugonu
  6198 | D:7      | Noticed an angel
  6199 | D:7      | Found a glowing silver altar of Zin.
  6199 | D:7      | Found a shimmering altar of Xom.
  6478 | D:7      | Found a blossoming altar of Fedhas.
  6727 | D:7      | Reached skill level 12 in Polearms
  6854 | D:8      | Noticed Grum
  6859 | D:8      | Noticed Pikel
  6921 | D:8      | Reached skill level 5 in Invocations
  6946 | D:8      | Reached XP level 10. HP: 68/70 MP: 13/13
  6969 | D:8      | Killed Grum
  7362 | D:8      | Killed Pikel
  7544 | D:8      | Found an ancient bone altar of Kikubaaqudgha.
  7647 | D:8      | Found a sacrificial altar of Ru.
  7701 | D:8      | Noticed Psyche
  7707 | D:8      | Killed Psyche
  7750 | D:8      | Reached skill level 13 in Polearms
  7910 | D:8      | Found a radiant altar of Vehumet.
  7912 | D:8      | Found a deep blue altar of Sif Muna.
  7915 | D:8      | Identified Kikubaaqudgha's Compendium of Dark Rituals
  8340 | D:9      | Noticed imbaray's ghost (novice VSMo)
  9303 | D:9      | Reached skill level 5 in Fighting
  9323 | D:9      | Found a staircase to the Lair.
  9325 | D:9      | Noticed a two-headed ogre
  9337 | D:9      | Killed a two-headed ogre
  9337 | D:9      | Reached XP level 11. HP: 81/81 MP: 16/16
  9370 | D:9      | Reached ***** piety under Lugonu
  9483 | D:9      | Found a hide-covered altar of Uskayaw.
  9548 | D:10     | Entered Level 10 of the Dungeon
  9653 | D:10     | You fall through a shaft for 3 floors!
  9917 | D:11     | Noticed a cyclops
 10015 | Abyss:1  | Noticed a thrashing horror
 10046 | D:11     | Escaped the Abyss
 10053 | D:11     | Noticed a white ugly thing
 10057 | D:11     | Reached skill level 14 in Polearms
 10117 | D:11     | HP: 1/84 [white ugly thing (14)]
 10119 | D:11     | Banished a white ugly thing
 10165 | D:11     | HP: 1/84 [yak (14)]
 10173 | D:11     | HP: 4/84 [yak (8)]
 10173 | D:11     | Slain by a bullfrog

Vault maps used:
D:1:      scummos_arrival_checkerplants
D:2:      marbit_many_paths, minmay_ruptured
D:3:      wad_lake_hut, first_ration, okawaru_altar_gauntlet_db, uniq_jessica
D:4:      minmay_temple_entry_enclosed_plants, uniq_blork_the_orc
D:6:      cheibrodos_fertilizer, nicolae_dithmenos_through_a_glass_darkly,
          uniq_grinder
D:7:      grunt_temple_overflow_order_and_chaos_1, fedhas_altar_3
D:8:      grunt_temple_overflow_magic_moments, lemuel_coloured_pillars_altar,
          st_stairs_12, uniq_psyche, uniq_grum, uniq_pikel
D:9:      kennysheep_mini_moat, erik_lair_orcish_takeover
D:10:     orc_0_dummy, uniq_fannar
D:11:     regret_index_combs_of_tragedy, lab_entry_generic, glass_columns_a
D:12:     david_nohive_1
D:13:     grunt_vaults_entry_tiered, uniq_snorg, uniq_rupert
Abyss:1:  abyss_exit_lava, hangedman_summoners_spam

Skill      XL: |  1  2  3  4  5  6  7  8  9 10 11 |
---------------+----------------------------------+-----
Polearms       | 3 4 5 6 8 10 12 13 14 | 14.1
Invocations    | 5 7 |  7.9
Fighting       | 5 7 |  7.5
Armour         | |  2.1
Dodging        | |  0.8

Action                   |  1- 3 |  4- 6 |  7- 9 | 10-12 || total
-------------------------+-------+-------+-------+-------++-------
Melee: Spear             |    99 |   223 |       |       ||   322
       Trident           |       |    38 |       |       ||    38
       Halberd           |       |     5 |   262 |   346 ||   613
Throw: Tomahawk          |       |     6 |     5 |     4 ||    15
Invok: Depart the Abyss  |     1 |       |       |     1 ||     2
       Banish            |       |       |       |     4 ||     4
       Enter the Abyss   |       |       |       |     1 ||     1
Evoke: Wand              |       |     1 |     6 |    17 ||    24
  Use: Scroll            |       |     1 |     5 |    10 ||    16
       Potion            |       |       |       |    13 ||    13
 Stab: Distracted        |     1 |     1 |       |       ||     2
       Paralysed         |       |       |       |     9 ||     9
  Eat: Chunk             |       |    10 |     4 |     7 ||    21
       Ration            |       |     2 |     1 |     2 ||     5
Armor: Leather armour    |    12 |     6 |       |       ||    18
       Ring mail         |       |    60 |       |       ||    60
       Chain mail        |       |     2 |   126 |   161 ||   289
Dodge: Dodged            |    48 |   115 |    82 |   115 ||   360

Table legend:
 A = Spawn XP
 B = Non-spawn XP
 C = Spawn XP percentage of total XP
 D = Spawn monster count
 E = Non-spawn monster count
 F = Spawn count percentage of total count
 G = Total turns spent on level
                    A         B        C        D         E        F      G
               +---------+---------+-------+---------+---------+-------+---------
         Total |      86 |   11186 |   0.8 |       1 |     250 |   0.4 | 10173
               +---------+---------+-------+---------+---------+-------+---------
           D:1 |       0 |      84 |   0.0 |       0 |      33 |   0.0 |  1095
           D:2 |       0 |      51 |   0.0 |       0 |      14 |   0.0 |   889
           D:3 |       0 |     179 |   0.0 |       0 |      40 |   0.0 |  1617
           D:4 |       0 |     287 |   0.0 |       0 |      10 |   0.0 |   569
           D:5 |       0 |     269 |   0.0 |       0 |      12 |   0.0 |   993
           D:6 |       0 |    1740 |   0.0 |       0 |      35 |   0.0 |   965
           D:7 |       0 |    1083 |   0.0 |       0 |      20 |   0.0 |   940
           D:8 |       0 |    2454 |   0.0 |       0 |      22 |   0.0 |  1034
           D:9 |       0 |    2654 |   0.0 |       0 |      29 |   0.0 |  1379
          D:10 |       0 |      95 |   0.0 |       0 |       5 |   0.0 |   105
          D:11 |       0 |    1210 |   0.0 |       0 |      15 |   0.0 |   136
          D:12 |       0 |     369 |   0.0 |       0 |       6 |   0.0 |   209
          D:13 |       0 |     711 |   0.0 |       0 |       9 |   0.0 |    48
       Abyss:1 |      86 |       0 | 100.0 |       1 |       0 | 100.0 |   194
               +---------+---------+-------+---------+---------+-------+---------
